 Dungeon Crawl Stone Soup version 0.16.2-12-gd0ad4c3 (webtiles) character file.

98 faibistes the Magician (level 4, -1/24 HPs)
             Began as a Deep Elf Wizard on June 22, 2018.
             Killed by nerve-wracking pain
             ... invoked by Jessica
              (12 damage)
             ... on level 2 of the Dungeon.
             The game lasted 00:06:28 (2288 turns).

faibistes the Magician (Deep Elf Wizard)            Turns: 2288, Time: 00:06:28

Health: -1/24      AC:  2    Str:  4    XL:     4   Next: 43%
Magic:  1/17       EV: 19    Int: 24    God:
Gold:   26         SH:  0    Dex: 18    Spells: 6 memorised, 1 level left

rFire  . . .     SeeInvis .     h - +0 dagger
rCold  . . .     Clarity  .     a - +0 robe
rNeg   . . .     SustAb   .     (no shield)
rPois  .         Gourm    .     b - +0 hat
rElec  .         Spirit   .     (no cloak)
rCorr  .         Warding  .     (no gloves)
rMut   .         Stasis   .     (no boots)
MR     +....                    (no amulet)
Stlth  +++.......               (no ring)
                                i - ring of protection from magic

@: agile, repel missiles, somewhat resistant to hostile enchantments, fairly
stealthy
A: no striking features
a: no special abilities


You were on level 2 of the Dungeon.
You were not hungry.

You visited 1 branch of the dungeon, and saw 3 of its levels.

You collected 26 gold pieces.

Inventory:

Hand weapons
 g - a +0 club
 h - a +0 dagger (weapon)
Armour
 a - a +0 robe (worn)
 b - a +0 hat (worn)
Jewellery
 f - an uncursed ring of protection from fire {unknown}
 i - a ring of protection from magic (left hand)
Scrolls
 j - a scroll of fear
 k - a scroll of remove curse
Potions
 e - a potion of agility
 q - a potion of mutation
Books
 c - a book of Minor Magic

   Spells                             Type                      Level
   a - Magic Dart                     Conjuration                  1
   b - Blink                          Translocation                2
   c - Call Imp                       Summoning                    2
   d - Repel Missiles                 Charms/Air                   2
   e - Slow                           Hexes                        2
   f - Conjure Flame                  Conjuration/Fire             3
   g - Mephitic Cloud                 Conjuration/Poison/Air       3
Comestibles
 d - a bread ration
 o - 4 chunks of flesh


   Skills:
 + Level 3.4 Dodging
 - Level 2.4 Stealth
 * Level 5.7 Spellcasting
 * Level 2.9 Conjurations
 - Level 1.1 Summonings
 - Level 1.1 Translocations


You had one spell level left.
You knew the following spells:

 Your Spells              Type           Power        Failure   Level  Hunger
a - Magic Dart            Conj           ###.         2%          1    None
b - Conjure Flame         Conj/Fire      ##......     17%         3    #......
c - Call Imp              Summ           ##......     10%         2    None
d - Blink                 Tloc           N/A          10%         2    None
e - Mephitic Cloud        Conj/Pois/Air  ##......     21%         3    #......
f - Repel Missiles        Chrm/Air       #.....       14%         2    None


Dungeon Overview and Level Annotations

Branches:
Dungeon (3/15)

Altars:
Makhleb

Annotations:
D:2 Jessica


Message History

The jackal misses you. Jessica closely misses you. The jackal bites you.
Casting: Call Imp
Confirm with . or Enter, or press ? or * to list all spells.
A beastly little devil appears in a puff of flame.
The jackal barely misses you. Jessica closely misses you.
You hit Jessica but do no damage.
Jessica is moderately wounded.
The jackal barely misses you. Jessica closely misses you.
The jackal barely misses you.
Your crimson imp barely misses Jessica.
You hit the jackal but do no damage.
The jackal is severely wounded.
Jessica barely misses you. The jackal barely misses you.
Something bites your crimson imp but does no damage.
Your crimson imp blinks!
You hit the jackal.
You kill the jackal!
Jessica casts a spell at you. Pain shoots through your body!
Ouch! That really hurt!
You die...

##.......
#...?.....
#...@...h
#..h.....# .
#[###.#.##.#.###
....
#....).>....5...
.....
#####h####...###
...... #.5.5# ##
..... ####@# ...
#@# ##. #.ยง..#
#.. ####.# #.# #
#.. ########..
.......'..
########.. #..


You could see Jessica, a jackal and 2 friendly crimson imps.

Vanquished Creatures
  A crimson imp (D:3)
  2 adders (D:2)
  A worm (D:1)
  2 orcs (D:3)
  3 giant cockroaches (D:1)
  3 goblins (D:1)
  8 hobgoblins
  6 jackals
  2 kobolds (D:2)
  3 bats (D:1)
  2 giant geckos
  2 giant newts (D:1)
  4 rats
39 creatures vanquished.

Vanquished Creatures (collateral kills)
  An orc priest (D:3)
  An adder (D:1)
  A worm (D:2)
  An ooze (D:1)
  2 orcs (D:3)
  A hobgoblin (D:1)
  A rat (D:1)
8 creatures vanquished.

Vanquished Creatures (others)
  A white imp (D:3)
1 creature vanquished.

Grand Total: 48 creatures vanquished

Notes
Turn   | Place    | Note
--------------------------------------------------------------
     0 | D:1      | faibistes, the Deep Elf Wizard, began the quest for the Orb.
     0 | D:1      | Reached XP level 1. HP: 10/10 MP: 6/6
    24 | D:1      | Noticed an electric eel
    24 | D:1      | Noticed an electric eel
   335 | D:1      | Reached XP level 2. HP: 15/15 MP: 5/10
   375 | D:1      | Learned a level 2 spell: Blink
   378 | D:1      | Learned a level 2 spell: Call Imp
   576 | D:1      | Reached skill level 5 in Spellcasting
  1205 | D:1      | Reached XP level 3. HP: 19/19 MP: 5/14
  1210 | D:1      | Learned a level 3 spell: Conjure Flame
  1214 | D:1      | Learned a level 3 spell: Mephitic Cloud
  1915 | D:2      | Learned a level 2 spell: Repel Missiles
  1971 | D:2      | Noticed Jessica
  2006 | D:2      | Reached XP level 4. HP: 24/24 MP: 14/17
  2248 | D:3      | Found a burning altar of Makhleb.
  2288 | D:2      | Killed from afar by Jessica

Action                   |  1- 3 |  4- 6 || total
-------------------------+-------+-------++-------
Melee: Dagger            |     7 |    20 ||    27
 Cast: Magic Dart        |    70 |    18 ||    88
       Call Imp          |     8 |     7 ||    15
       Mephitic Cloud    |     4 |     3 ||     7
       Conjure Flame     |     2 |       ||     2
       Blink             |     2 |       ||     2
       Repel Missiles    |     1 |       ||     1
  Use: Scroll            |       |     7 ||     7
       Potion            |       |     1 ||     1
 Stab: Confused          |     2 |       ||     2
  Eat: Chunk             |     3 |     1 ||     4
